 Dungeon Crawl Stone Soup version 0.27-a0-590-g94244163b4 (webtiles) character file.

Game seed: 3464019722710605793

31995 CypherZel the Severer (level 13, -2/122 HPs)
             Began as a Hill Orc Monk on Mar 10, 2021.
             Was a Priest of Yredelemnul.
             Killed from afar by a starcursed mass (10 damage)
             ... with an accursed screaming
             ... on level 5 of the Abyss.
             The game lasted 01:37:54 (17329 turns).

CypherZel the Severer (Hill Orc Monk)              Turns: 17329, Time: 01:37:55

Health: -2/122     AC: 24    Str: 15      XL:     13   Next: 61%
Magic:  22/22      EV: 25    Int:  9 (10) God:    Yredelemnul [***...]
Gold:   737        SH:  0    Dex: 17      Spells: 12/12 levels left

rFire    . . .     SeeInvis .   v - +3 war axe (flame)
rCold    . . .     Faith    .   (no shield)
rNeg     . . .     Spirit   .   k - +0 chain mail
rPois    .         Reflect  .   q - +2 helmet
rElec    .         Harm     .   G - +0 cloak
rCorr    .         Rampage  .   Q - +0 pair of gloves
Will     .....                  C - +0 pair of boots
Stlth    ..........             y - amulet of the acrobat
HPRegen  0.30/turn              h - +4 ring of slaying
MPRegen  0.18/turn              l - +4 ring of protection

@: acrobatic, hasted, very quick
A: screaming 1
a: Renounce Religion, Recall Undead Slaves, Injury Mirror, Animate Dead


You were on level 5 of the Abyss.
You worshipped Yredelemnul.
Yredelemnul was most pleased with you.
You visited 2 branches of the dungeon, and saw 13 of its levels.
You visited the Abyss 1 time.
You also visited: Ossuary and Volcano.

You collected 737 gold pieces.

Inventory:

Hand Weapons
 a - a +3 hand axe
 v - a +3 war axe of flaming (weapon)
Missiles
 e - 61 poisoned darts
 O - 8 atropa-tipped darts (quivered)
Armour
 b - a +0 robe
 c - a +0 leather armour
 i - a scarf of repulsion
 k - a +0 chain mail (worn)
 m - a +0 ring mail
 o - a +2 robe of willpower
 q - a +2 helmet (worn)
 u - the +0 ring mail of the Thinker {rPois rF+}
   (You found it on level 5 of the Dungeon)

   It protects you from fire.
   It protects you from poison.
 C - a +0 pair of boots (worn)
 G - a +0 cloak (worn)
 M - a +2 hat of willpower
 Q - a +0 pair of gloves (worn)
Jewellery
 h - a +4 ring of slaying (right hand)
 l - a +4 ring of protection (left hand)
 t - a ring of protection from cold
 y - an amulet of the acrobat (around neck)
 D - a +6 ring of dexterity
 K - a +4 ring of protection
 N - a ring of wizardry
 P - a ring of flight
Wands
 n - a wand of digging (9)
 r - a wand of random effects (23)
 B - a wand of polymorph (11)
 F - a wand of mindburst (14)
 J - a wand of paralysis (5)
 L - a wand of flame (19)
Scrolls
 g - a scroll of amnesia
 w - 8 scrolls of teleportation
 z - a scroll of fear
 A - 2 scrolls of immolation
 E - 5 scrolls of identify
Potions
 d - 3 potions of curing
 f - 2 potions of flight
 j - 2 potions of brilliance
 s - 4 potions of cancellation
 H - a potion of ambrosia
 I - 2 potions of attraction


   Skills:
 - Level 13.2 Fighting
 - Level 16.0 Axes
 + Level 11.5 Armour
 - Level 7.0 Dodging
 - Level 1.5 Stealth
 + Level 13.2 Invocations


You had 12 spell levels left.
You didn't know any spells.
Your spell library contained the following spells:

 Spells                   Type           Power      Damage    Failure   Level
 Corona                   Hex            0%         N/A       99%         1
 Freeze                   Ice            0%         1d3       99%         1
 Magic Dart               Conj           0%         1d3       99%         1
 Sandblast                Erth           0%         2d4       99%         1
 Sting                    Tmut/Pois      0%         1d3       99%         1
 Ensorcelled Hibernation  Hex/Ice        0%         N/A       100%        2
 Passwall                 Tmut/Erth      0%         N/A       100%        2
 Poisonous Vapours        Pois/Air       0%         N/A       100%        2
 Searing Ray              Conj           0%         3d3       100%        2
 Slow                     Hex            0%         N/A       100%        2
 Confusing Touch          Hex            0%         N/A       100%        3
 Conjure Flame            Conj/Fire      0%         6-21      100%        3
 Dazzling Flash           Conj/Hex       0%         N/A       100%        3
 Frozen Ramparts          Ice            0%         1d2       100%        3
 Ignite Poison            Fire/Tmut/Pois 0%         N/A       100%        3
 Inner Flame              Hex/Fire       0%         N/A       100%        3
 Mephitic Cloud           Conj/Pois/Air  0%         N/A       100%        3
 Ozocubu's Armour         Ice            0%         N/A       100%        3
 Portal Projectile        Hex/Tloc       0%         N/A       100%        3
 Stone Arrow              Conj/Erth      0%         3d7       100%        3
 Tukima's Dance           Hex            0%         N/A       100%        3
 Cause Fear               Hex            0%         N/A       100%        4
 Fulminant Prism          Conj/Hex       0%         3d6       100%        4
 Hailstorm                Conj/Ice       0%         3d3       100%        4
 Iskenderun's Mystic Bla  Conj/Tloc      0%         2d3       100%        4
 Leda's Liquefaction      Hex/Erth       0%         N/A       100%        4
 Olgreb's Toxic Radiance  Pois           0%         N/A       100%        4
 Petrify                  Tmut/Erth      0%         N/A       100%        4
 Summon Ice Beast         Ice/Summ       0%         N/A       100%        4
 Lee's Rapid Deconstruct  Erth           0%         3d5*      100%        5
 Freezing Cloud           Conj/Ice/Air   0%         6-21      100%        6


Dungeon Overview and Level Annotations

Branches:
Dungeon (11/15)            Temple (0/1) D:6            Lair (2/6) D:11
  Snake (0/4) Lair:2          Orc (0/2) D:9         Ossuary (visited)
Volcano (visited)
  Swamp: Lair:2-4    Shoals: Lair:2-4

Altars:
Cheibriados
Gozag
Nemelex Xobeh
Qazlal
Trog
Uskayaw
Vehumet
Xom
Yredelemnul
Zin

Shops:
D:5 [[(*=

Annotations:
D:4 exclusion: downstairs, Menkaure
D:11 1 runed translucent door, wakim's ghost, journeyman GnWn


Innate Abilities, Weirdness & Mutations

You occasionally shout uncontrollably at your foes.


Message History

A great orb of eyes and a small abomination come into view.
The great orb of eyes turns its gaze towards you.
The great orb of eyes gazes at you.
You barely resist.
The great orb of eyes closely misses you.
The jumping spider leaps!
You hit the jumping spider. You burn the jumping spider.
The jumping spider is lightly wounded.
The great orb of eyes gazes at you. You resist with significant effort.
You miss the jumping spider.
The jumping spider is lightly wounded.
The jumping spider disappears in a puff of smoke!
The worldbinder calls forth creatures from the Spider Nest!
The orb spider disappears in a puff of smoke!
A tentacled starspawn comes into view.
A worldbinder comes into view.
Your extra speed is starting to run out.
A large abomination comes into view.
You feel as though your hastened speed will last longer.
The worldbinder hits you.
* * * LOW HITPOINT WARNING * * *
The worldbinder hits you but does no damage.
The worldbinder calls forth creatures from the Swamp!
The vampire mosquito misses you. The vampire mosquito misses you.
The vampire mosquito disappears in a puff of smoke!
The worldbinder calls forth creatures from the Swamp!
Okay, then.
Okay, then.
A starcursed mass comes into view.
The vampire mosquito disappears in a puff of smoke!
A small abomination comes into view.
The worldbinder calls forth creatures from the Swamp!
The swamp drake disappears in a puff of smoke!
A starcursed mass splits.
A starcursed mass splits.
A chorus of shrieks assaults your mind.
You die...
Your body rises from the dead as a mindless zombie.

. #x# ..# .#.#.#
#.. §## . ####n.#
.# ##.#xy.#.##
#§§y§#.§..
####.#..###...
#.###.##y..#.# ##
#...@.yy....#
#....#...#....#
#.#..#.#.#X####..
# ###...#.X.. #
###......#
.######.. .# ..


You could see 2 starcursed masses and 3 vampire mosquitoes.

Vanquished Creatures
  A tentacled starspawn (Abyss:5)
  Erolcha (D:10)
  A boulder beetle (Lair:1)
  A death knight (D:11)
  3 two-headed ogres
  A thrashing horror (Abyss:5)
  A skeletal warrior (D:11)
  2 unseen horrors (D:10)
  Pikel (D:5)
  2 wizards (Volcano)
  A phantasmal warrior (D:10)
  An ugly thing (D:11)
  A worldbinder (Abyss:5)
  A toenail golem (Volcano)
  3 cane toads
  2 komodo dragons (Lair:1)
  2 efreet
  A freezing wraith (D:11)
  A polar bear (Lair:1)
  2 ancient zymes (Abyss:5)
  A jumping spider (Lair:1)
  A troll (D:11)
  A queen bee (D:9)
  A raiju (Abyss:5)
  A tarantella (Lair:1)
  A wraith (D:11)
  2 ynoxinuls (Abyss:5)
  3 wyverns
  24 yaks
  A basilisk (Lair:1)
  A neqoxec (Abyss:5)
  A large abomination (Abyss:5)
  4 wargs (D:9)
  6 water moccasins
  2 orc warriors (D:9)
  3 ice beasts
  5 ogres
  2 sky beasts
  3 wolves (Lair:1)
  3 phantoms
  3 centaurs
  2 lemures (D:5)
  Blork the orc (D:4)
  7 bullfrogs
  2 scorpions
  9 killer bees
  A snapping turtle simulacrum (Abyss:5)
  2 howler monkeys (D:10)
  A bullfrog zombie (D:11)
  A human zombie (Ossuary)
  2 centaur zombies
  4 hounds
  4 jellies
  6 orc priests
  An iguana (D:10)
  4 orc wizards
  6 worker ants
  A mummy (Ossuary)
  A worker ant zombie (D:5)
  8 gnolls
  A howler monkey skeleton (D:5)
  9 adders
  A shadow imp (D:9)
  An ufetubus (D:6)
  3 oozes
  2 adder skeletons
  2 adder zombies (Ossuary)
  3 worms
  A dart slug (D:1)
  4 leopard geckos
  25 orcs
  2 bats (D:1)
  2 giant cockroaches
  6 goblins
  11 hobgoblins
  13 jackals
  5 quokkas
  2 ball pythons (D:1)
  3 frilled lizards
  2 goblin zombies (Ossuary)
  10 hobgoblin zombies (Ossuary)
  2 jackal zombies (Ossuary)
  16 kobolds
  8 kobold zombies (Ossuary)
  7 orc zombies (Ossuary)
  2 quokka skeletons
  7 rats
  3 rat zombies (Ossuary)
314 creatures vanquished.

Vanquished Creatures (collateral kills)
  2 hydras
  A boulder beetle (D:9)
  Nergalle (D:10)
  A moth of wrath (D:7)
  Joseph (D:7)
  A toenail golem (Volcano)
  A kobold demonologist (D:10)
  A hornet (D:9)
  A yak (D:11)
  A steam dragon (D:10)
  Grum (Lair:1)
  A water moccasin (D:11)
  An orc warrior (D:10)
  2 ice beasts
  A sky beast (D:9)
  3 black bears
  2 ogres (D:6)
  A necrophage (D:10)
  A wolf (Lair:1)
  2 centaurs
  2 kobold brigands (D:7)
  7 bullfrogs
  A gnoll sergeant (D:9)
  2 scorpions
  14 killer bees
  5 wights (D:10)
  A jelly (D:5)
  A centaur zombie (D:10)
  An iron imp (D:7)
  A bullfrog skeleton (D:6)
  3 hounds
  An orc priest (D:10)
  4 worker ants
  4 orc wizards
  A hound zombie (D:9)
  A mummy (Ossuary)
  2 adders
  4 gnolls
  A howler monkey skeleton (D:11)
  A shadow imp (D:6)
  An ooze (D:7)
  An adder skeleton (D:5)
  A dart slug (D:3)
  7 orcs
  A ball python (Lair:2)
  A giant cockroach (D:4)
  3 jackals
  A frilled lizard (D:3)
  2 hobgoblin zombies (Ossuary)
  8 kobolds (D:7)
  2 quokka zombies (D:6)
  2 rats
113 creatures vanquished.

Vanquished Creatures (others)
  A phantasmal warrior (D:10)
  A spectral tengu (D:11)
  10 flying skulls
  A wraith (D:9)
  A vampire (D:11)
  A spectral kobold (D:10)
  2 wights
  A hydra zombie (Lair:1)
  A tarantella zombie (Lair:1)
  A black bear zombie (D:11)
  3 water moccasin zombies
  5 yak zombies
  A human zombie (Lair:1)
  A queen bee zombie (D:9)
  A sky beast zombie (D:9)
  A troll zombie (D:11)
  An adder zombie (D:2)
  6 bullfrog zombies
  A centaur zombie (D:10)
  3 gnoll zombies
  A goblin zombie (D:2)
  3 hound zombies
  A howler monkey zombie (D:10)
  An iguana zombie (D:10)
  5 jackal zombies
  8 killer bee zombies
  3 kobold zombies
  3 ogre zombies
  An orc skeleton (D:3)
  8 orc zombies
  A quokka zombie (D:5)
  2 rat zombies (D:3)
  A scorpion zombie (D:10)
  2 worker ant zombies
  51 fungi
  A lurking horror (Abyss:5)
  56 plants
  5 starspawn tentacles (Abyss:5)
196 creatures vanquished.

Grand Total: 623 creatures vanquished

Notes
Turn   | Place    | Note
-------+----------+-------------------------------------------
     0 | D:1      | CypherZel the Hill Orc Monk began the quest for the Orb.
     0 | D:1      | Reached XP level 1. HP: 19/19 MP: 1/1
   376 | D:1      | Reached XP level 2. HP: 4/27 MP: 2/2
   969 | D:1      | Reached XP level 3. HP: 26/34 MP: 3/3
  1292 | D:1      | Reached skill level 5 in Axes
  1805 | D:2      | Reached XP level 4. HP: 36/41 MP: 4/4
  1951 | D:2      | Found a basalt altar of Yredelemnul.
  1960 | D:2      | Became a worshipper of Yredelemnul the Dark
  1960 | D:2      | Reached * piety under Yredelemnul
  1960 | D:2      | Reached ** piety under Yredelemnul
  2051 | D:2      | Reached skill level 5 in Fighting
  2718 | D:2      | Found an opulent altar of Gozag.
  3128 | D:2      | Reached XP level 5. HP: 48/48 MP: 5/5
  3131 | D:2      | Reached skill level 6 in Axes
  4407 | D:3      | Reached XP level 6. HP: 57/57 MP: 6/6
  4679 | D:4      | Reached skill level 1 in Armour
  5018 | D:4      | Noticed Blork the orc
  5033 | D:4      | Killed Blork the orc
  5034 | D:4      | Reached XP level 7. HP: 40/63 MP: 7/7
  5296 | D:4      | Reached *** piety under Yredelemnul
  5397 | D:4      | Noticed Menkaure
  5821 | D:5      | Entered Level 5 of the Dungeon
  5821 | D:5      | Noticed a +0 dagger
  5821 | D:5      | Noticed a +0 spear
  5909 | D:5      | Found Cuttya's Armour Emporium.
  5909 | D:5      | Noticed Pikel
  5930 | D:5      | Killed Pikel
  5931 | D:5      | Reached skill level 5 in Armour
  5931 | D:5      | Reached XP level 8. HP: 70/70 MP: 8/8
  6104 | D:5      | Found Cerhoeck's General Store.
  6161 | D:5      | Found Jaview's Jewellery Shop.
  6266 | D:5      | Reached skill level 7 in Axes
  6384 | D:5      | Received a gift from Yredelemnul (5 flying skulls)
  6437 | D:5      | Noticed a +0 short sword
  6438 | D:5      | Noticed a +0 falchion
  6438 | D:5      | Noticed a +0 short sword
  6438 | D:5      | Noticed a +0 spear
  6440 | D:5      | Noticed a +0 falchion
  6440 | D:5      | Noticed a +0 dagger
  6492 | D:5      | Your ally Pikel died
  6587 | D:5      | Found a hide-covered altar of Uskayaw.
  6647 | D:5      | Found Metytsua's Armour Emporium.
  6727 | D:5      | Identified the +0 ring mail of the Thinker {rPois rF+}
  6829 | D:5      | Found Arurch's Weapon Boutique.
  7140 | D:5      | Reached skill level 13 in Axes
  7140 | D:5      | Reached XP level 9. HP: 90/90 MP: 9/9
  7141 | D:5      | Reached skill level 14 in Axes
  7141 | D:5      | Reached XP level 10. HP: 101/101 MP: 9/14
  7335 | D:6      | Found a staircase to the Ecumenical Temple.
  7365 | D:6      | Found a radiant altar of Vehumet.
  7613 | D:6      | Found a sand-covered staircase.
  7621 | Ossuary  | Entered an ossuary
  7670 | Ossuary  | Received a gift from Yredelemnul (a wight)
  7758 | Ossuary  | Reached **** piety under Yredelemnul
  7760 | Ossuary  | Reached skill level 5 in Dodging
  8548 | D:7      | Found a snail-covered altar of Cheibriados.
  8620 | D:7      | Noticed Joseph
  8639 | D:7      | Killed Joseph
  8682 | D:7      | Received a gift from Yredelemnul (3 flying skulls)
  9051 | D:7      | Noticed a moth of wrath
  9055 | D:7      | Found a bloodstained altar of Trog.
  9081 | D:7      | Identified the +1 morningstar "Ogrebane" {vorpal, rElec
                  | rF+++ Str-3 Int-2}
  9182 | D:7      | Killed a moth of wrath
  9590 | D:8      | Noticed a two-headed ogre
  9597 | D:8      | Killed a two-headed ogre
  9597 | D:8      | Received a gift from Yredelemnul (2 flying skulls)
  9598 | D:8      | Reached XP level 11. HP: 85/107 MP: 15/15
  9679 | D:8      | Reached skill level 15 in Axes
  9882 | D:8      | You fall into a shaft and drop 1 floor!
  9926 | D:8      | Found a sparkling altar of Nemelex Xobeh.
 10112 | D:8      | Found a stormy altar of Qazlal.
 10301 | D:9      | Noticed a two-headed ogre
 10308 | D:9      | Killed a two-headed ogre
 10403 | D:9      | Received a gift from Yredelemnul (a wraith)
 10419 | D:9      | Reached skill level 16 in Axes
 10420 | D:9      | Reached ***** piety under Yredelemnul
 10666 | D:9      | Found a staircase to the Orcish Mines.
 10911 | D:9      | Noticed an angel
 10912 | D:9      | Found a shimmering altar of Xom.
 10913 | D:9      | Found a glowing silver altar of Zin.
 11206 | D:9      | Noticed a two-headed ogre
 11214 | D:9      | Killed a two-headed ogre
 11429 | D:10     | Entered Level 10 of the Dungeon
 11429 | D:10     | Noticed Erolcha
 11454 | D:10     | Killed Erolcha
 11570 | D:10     | Found a sparkling altar of Nemelex Xobeh.
 11640 | D:10     | Noticed Nergalle
 11648 | D:10     | Killed Nergalle
 11996 | D:10     | Received a gift from Yredelemnul (a wight)
 11997 | D:10     | Reached XP level 12. HP: 107/115 MP: 18/18
 12038 | D:10     | Noticed a boulder beetle
 12346 | D:10     | Received a gift from Yredelemnul (a phantasmal warrior)
 12349 | D:10     | Noticed an eight-headed hydra
 12359 | D:10     | Killed an eight-headed hydra
 12369 | D:10     | Your ally Erolcha died
 12821 | D:9      | Killed a boulder beetle
 13068 | D:10     | Noticed a tengu warrior
 13079 | D:10     | Killed a tengu warrior
 13079 | D:10     | Enslaved a tengu warrior
 13595 | D:11     | Found a runed translucent door.
 13595 | D:11     | Noticed wakim's ghost (journeyman GnWn)
 13620 | D:11     | Found a staircase to the Lair.
 13736 | D:11     | Noticed a death knight
 14108 | D:11     | Identified the +8 trident of Resonant Valiance {vamp, rN+
                  | Str+4 Dex+6 Stlth-}
 14225 | D:11     | Reached skill level 10 in Invocations
 14234 | D:11     | Received a gift from Yredelemnul (a vampire)
 14647 | D:11     | Killed a death knight
 15339 | Lair:1   | Entered Level 1 of the Lair of Beasts
 15536 | Lair:1   | Found a runed translucent door.
 15555 | Lair:1   | Identified the +6 whip of Wueroots {antimagic, +Blink rPois
                  | Dex-2}
 15560 | Lair:1   | Noticed a boulder beetle
 15568 | Lair:1   | Reached XP level 13. HP: 122/122 MP: 18/21
 15587 | Lair:1   | Reached skill level 10 in Armour
 15947 | Lair:1   | Noticed Grum
 15974 | Lair:1   | Killed Grum
 16780 | Lair:2   | Found a staircase to the Snake Pit.
 16826 | Lair:2   | Found a dark tunnel.
 16833 | Volcano  | Entered a volcano
 16851 | Volcano  | Received a gift from Yredelemnul (a wraith)
 16987 | Volcano  | Cast into level 2 of the Abyss (a wizard)
 17042 | Abyss:5  | Entered Level 5 of the Abyss
 17091 | Abyss:5  | Noticed a blizzard demon
 17130 | Abyss:5  | Gained mutation: You occasionally shout uncontrollably at
                  | your foes. [a neqoxec]
 17151 | Abyss:5  | Noticed a tentacled starspawn
 17182 | Abyss:5  | Killed a tentacled starspawn
 17273 | Abyss:5  | Noticed a starcursed mass
 17283 | Abyss:5  | HP: 5/122 [thrashing horror (12)]
 17294 | Abyss:5  | Noticed a great orb of eyes
 17301 | Abyss:5  | Noticed a tentacled starspawn
 17312 | Abyss:5  | HP: 5/122 [worldbinder (6)]
 17325 | Abyss:5  | Noticed a starcursed mass
 17329 | Abyss:5  | Killed from afar by a starcursed mass

Illustrated notes

Levels and vault maps discovered:
D:1:      dpeg_arrival_morbid_curiosity, layout_basic, serial_glass,
          glass_columns_c, glass_columns_a, glass_columns_b, glass_columns_a,
          glass_columns_c, glass_columns_c
D:2:      layout_loops_ring, nicolae_gozag_cash_rules_everything_around_me,
          nicolae_overflow_crystal_walls
D:3:      layout_basic, kennysheep_minor_cross
D:4:      layout_basic, uniq_blork_the_orc, uniq_menkaure
D:5:      layout_loops_corners, nicolae_uskayaw_en_pointe, serial_shops, shop,
          nicolae_shop_statue_plus, shop, shop, kennysheep_mini, st_stairs_8,
          minmay_fractal_squares_diagonal_5, uniq_pikel
D:6:      layout_loops_corners, fiery_altar_vehumet, minmay_temple_entry_ruins,
          enter_ossuary_4, corexii_corridor_pit, minmay_holes
D:7:      layout_gridville, slow_altar_1, tgw_trog, uniq_joseph
D:8:      layout_cave_pools, nemelex_xobeh_ov_fountains_minmay,
          lemuel_coloured_pillars_altar
D:9:      layout_irregular_city, grunt_temple_overflow_order_and_chaos_1,
          minmay_orc_entry_guard_dogs, minivault_19, minivault_7
D:10:     layout_gridville, basic_altar, kennysheep_crisscross,
          minmay_fractal_squares_gapless_7, uniq_erolcha, uniq_nergalle
D:11:     layout_loops_ring, due_lair_maze_entry_diamond,
          ebering_ghost_funeral_grove
Lair:1:   gammafunk_indiana_jones, layout_hall_layers, uniq_grum
Lair:2:   layout_loops_ring, minmay_snake_entry_six_corridors, enter_volcano_2,
          roderic_carrion_pond, serial_bayou_shore_a, lemuel_fruit_tree,
          infiniplex_staircase_pool_2
Abyss:5:  base: D:11, guppyfry_abyss_exit_imp_island, evilmike_abyss_exit_10,
          evilmike_abyss_exit_vortex, nicolae_abyss_rune_left_handed,
          evilmike_abyss_exit_chaos, nicolae_abyss_rune_left_handed,
          evilmike_abyss_exit_glass, hangedman_abyss_mock_shop,
          evilmike_abyss_rune_tso_outpost, hangedman_abyss_shoalhut,
          evilmike_abyss_rune_siren_acolytes, gammafunk_abyss_exit_x_factor,
          nicolae_abyss_rune_left_handed
Volcano:  volcano_bunker

Skill      XL: |  1  2  3  4  5  6  7  8  9 10 11 12 13 |
---------------+----------------------------------------+-----
Fighting       | 4 5 6 12 13 | 13.2
Axes           | 5 6 13 14 16 | 16.0
Armour         | 2 5 7 9 11 | 11.5
Dodging        | 3 4 5 6 7 |  7.0
Invocations    | 6 8 11 13 | 13.2
Stealth        | |  1.5

Action                   |  1- 3 |  4- 6 |  7- 9 | 10-12 | 13-15 || total
-------------------------+-------+-------+-------+-------+-------++-------
Melee: Hand axe          |   117 |   203 |    88 |   130 |       ||   538
       War axe           |       |       |       |   383 |   184 ||   567
Throw: Dart              |       |    15 |       |     6 |     4 ||    25
       Throwing net      |       |       |       |     1 |       ||     1
Invok: Animate Remains   |       |    21 |     1 |       |       ||    22
       Recall Undead Sla |       |     2 |       |    11 |     2 ||    15
       Animate Dead      |       |       |     9 |    80 |    12 ||   101
       Enslave Soul      |       |       |       |     4 |       ||     4
       Injury Mirror     |       |       |       |     2 |     2 ||     4
       Drain Life        |       |       |       |       |     2 ||     2
       Stop Recall       |       |       |       |       |     1 ||     1
Evoke: Wand              |       |       |       |    11 |       ||    11
  Use: Scroll            |     3 |     6 |     9 |    10 |     3 ||    31
       Potion            |       |     3 |     4 |     6 |     6 ||    19
 Stab: Sleeping          |       |     1 |       |     1 |       ||     2
       Distracted        |       |       |     3 |     7 |     3 ||    13
       Paralysed         |       |       |       |     2 |       ||     2
Armor: Robe              |     7 |       |       |       |       ||     7
       Leather armour    |    22 |     6 |       |       |       ||    28
       Ring mail         |       |    41 |    32 |   118 |       ||   191
       Skin              |       |       |     5 |       |    11 ||    16
       Chain mail        |       |       |       |    49 |    70 ||   119
Dodge: Dodged            |    70 |   114 |    36 |   303 |   131 ||   654

Table legend: (Time is in decaauts)
 A = Elapsed time spent in this place.
 B = Non-inter-level travel time spent in this place.
 C = Inter-level travel time spent in this place.
 D = Time resting spent in this place.
 E = Time spent auto-exploring this place.
 F = Levels seen in this place.
 G = Mean time per level.
                   A        B        C        D        E       F      G
               +--------+--------+--------+--------+--------+-----+--------+
         Total |  17093 |  16170 |    923 |   3946 |   6768 |  19 |  899.6 |
       Dungeon |  15130 |  14318 |    812 |   3563 |   6271 |  11 | 1375.5 |
          Lair |   1320 |   1209 |    111 |    262 |    464 |   2 |  660.0 |
         Abyss |    284 |    284 |      0 |     32 |      0 |   4 |   71.0 |
       Ossuary |    212 |    212 |      0 |      0 |     33 |   1 |  212.0 |
       Volcano |    144 |    144 |      0 |     89 |      0 |   1 |  144.0 |
               +--------+--------+--------+--------+--------+-----+--------+

Top non-repeatable levels by time:
     D:1: 1982 daAuts
    D:10: 1921 daAuts
     D:9: 1724 daAuts
     D:3: 1540 daAuts
    D:11: 1481 daAuts
     D:2: 1436 daAuts
     D:5: 1381 daAuts
     D:7: 1099 daAuts
  Lair:1: 1086 daAuts
     D:6: 995 daAuts
     D:4: 956 daAuts
     D:8: 611 daAuts
  Lair:2: 234 daAuts
 Abyss:5: 231 daAuts
 Ossuary: 212 daAuts
